 Dungeon Crawl Stone Soup version 0.30-a0-1050-g2766ea1e55 (webtiles) character file.

Game seed: 4576239974305861119

100 Conn the Firebug (level 4, -10/27 HPs)
             Began as an Octopode Fire Elementalist on Apr 10, 2023.
             Mangled by an iguana (14 damage)
             ... on level 3 of the Dungeon.
             The game lasted 00:07:21 (2003 turns).

Conn the Firebug (Octopode Fire Elementalist)       Turns: 2003, Time: 00:07:22

Health: -10/27     AC:  1    Str:  7    XL:     4   Next: 73%
Magic:  17/17      EV: 13    Int: 19    God:
Gold:   120        SH:  0    Dex: 17    Spells: 0/9 levels left

rFire   + . .      SeeInvis .    r - +10 flail "Vuhed" {freeze, rF+ rN+ Dex+5}
rCold   . . .      Faith    .    (no shield)
rNeg    + . .      Spirit   .    (helmet restricted)
rPois   .          Reflect  .    (no amulet)
rElec   .          Rampage  .    h - ring of flight
rCorr   .                        y - ring of magical power
Will    .....                    (no ring)
Stlth   +++                      (no ring)
HPRegen 0.24/turn                (no ring)
MPRegen 0.15/turn                (no ring)
                                 (no ring)
                                 (no ring)

@: flying
A: almost no armour, amphibious, 8 rings, camouflage 1, gelatinous body 1,
(nimble swimmer 1), tentacles
a: no special abilities


You were on level 3 of the Dungeon.
You visited 1 branch of the dungeon, and saw 3 of its levels.

You collected 120 gold pieces.

Inventory:

Hand Weapons
 i - a +0 dagger
 k - a +0 dagger
 o - a +1 dagger of venom
 r - the +10 flail "Vuhed" (weapon) {freeze, rF+ rN+ Dex+5}
   (You found it on level 2 of the Dungeon)

   Dex:       It affects your dexterity (+5).
   rF:        It protects you from fire.
   rN:        It protects you from negative energy.
Missiles
 p - 6 silver javelins
Armour
 j - a +0 kite shield
Magical Staves
 l - a staff of air
Jewellery
 h - a ring of flight (left tentacle)
 y - a ring of magical power (right tentacle)
Wands
 u - a wand of digging (6)
 x - a wand of charming (2)
Scrolls
 c - 2 scrolls of acquirement {unknown}
 d - a scroll of enchant armour {unknown}
 m - a scroll of amnesia {unknown}
 n - a scroll of fog {unknown}
 s - a scroll of noise {unknown}
 v - a scroll of identify {unknown}
 w - a scroll of blinking {unknown}
 A - a scroll of magic mapping {unknown}
Potions
 a - a potion of magic
 b - a potion of resistance {unknown}
 e - a potion of cancellation {unknown}
 f - 2 potions of attraction {unknown}
 g - 2 potions of heal wounds {unknown}
 q - a potion of haste {unknown}
 t - 2 potions of berserk rage {unknown}
 z - 2 potions of curing {unknown}


   Skills:
 * Level 0.3 Fighting
 + Level 0.4 Short Blades
 * Level 1.0 Maces & Flails
 + Level 2.1 Dodging
 + Level 3.2 Stealth
 * Level 3.0 Spellcasting
 * Level 1.6 Conjurations
 + Level 3.8 Fire Magic


You couldn't memorise any spells.
You knew the following spells:

 Your Spells              Type           Power      Damage    Failure   Level
a - Foxfire               Conj/Fire      52%        2x1d6     4%          1
b - Scorch                Fire           34%        2d6       4%          2
c - Inner Flame           Hex/Fire       10%        N/A       22%         3
d - Volatile Blastmotes   Fire/Tloc      20%        2d11      22%         3

Your spell library contained the following spells:

 Spells                   Type           Power      Damage    Failure   Level
 Flame Wave               Conj/Fire      13%        2d6       45%         4


Dungeon Overview and Level Annotations

Branches:
Dungeon (3/15)

Altars:


Innate Abilities, Weirdness & Mutations

You cannot wear most types of armour.
You are amphibious.
You can wear up to eight rings at the same time.
Your skin changes colour to match your surroundings (Stealth+).
Your rubbery body absorbs attacks. (AC +1, EV +1)
((You are camouflaged when in or above water. (Stealth+)))
You have tentacles for arms and can constrict up to eight enemies at once.


Message History

The iguana closely misses you.
You barely miss the iguana. Your grab misses the iguana. The iguana bites you!
The iguana hisses menacingly.
The iguana bites you!
Ouch! That really hurt!
* * * LOW HITPOINT WARNING * * *
Okay, then.
Okay, then.
Unknown command.
Unknown command.
Unknown command.
Aiming: Charm
Press: ? - help, Shift-Dir - straight line, f - iguana
Aim: an iguana (chance to affect: 57%)
Okay, then.
Okay, then.
Unknown command.
Okay, then.
Casting: Foxfire (safe; 4% risk of failure)
Confirm with . or Enter, or press ? or * to list all spells.
Okay, then.
Unknown command.
Unknown command.
Unknown command.
Okay, then.
Okay, then.
Okay, then.
Okay, then.
Unknown command.
Unknown command.
Press: ? - help, v - describe, . - travel
Here: an iguana The floor.
Unknown command.
Unknown command.
Unknown command.
You barely miss the iguana. You grab the iguana. You constrict the iguana.
The iguana bites you!
Ouch! That really hurt!
You die...

### ## #..
####.## #.#
.....# #.#
#..######.####
#.@..........#
#l.######....#
#... #....#
#.... #....#
#....# #....#
.....#
#....######
#####.#
#....##.... .#
#....##....
#....##....


You could see an iguana.

Vanquished Creatures
  4 adders
  A worm (D:3)
  A dart slug (D:1)
  3 ball pythons
  7 bats
  2 endoplasms (D:1)
  2 giant cockroaches
  12 goblins
  4 hobgoblins (D:1)
  6 jackals
  2 quokkas (D:2)
  4 frilled lizards
  5 kobolds
  3 rats (D:2)
56 creatures vanquished.

Vanquished Creatures (others)
  104 foxfires
104 creatures vanquished.

Grand Total: 160 creatures vanquished

Notes
Turn   | Place    | Note
-------+----------+-------------------------------------------
     0 | D:1      | Conn the Octopode Fire Elementalist began the quest for the
                  | Orb.
     0 | D:1      | Reached XP level 1. HP: 11/11 MP: 3/3
    97 | D:1      | Reached XP level 2. HP: 17/17 MP: 0/5
   393 | D:1      | Found a faded altar of an unknown god.
   653 | D:1      | Reached XP level 3. HP: 21/21 MP: 0/6
  1252 | D:2      | Reached XP level 4. HP: 27/27 MP: 0/8
  1257 | D:2      | Identified the +10 flail "Vuhed" {freeze, rF+ rN+ Dex+5}
  1854 | D:3      | Reached skill level 1 in Maces & Flails
  1870 | D:3      | Learned a level 2 spell: Scorch
  1874 | D:3      | Learned a level 3 spell: Inner Flame
  1878 | D:3      | Learned a level 3 spell: Volatile Blastmotes
  2003 | D:3      | Mangled by an iguana

Illustrated notes

Levels and vault maps discovered:
D:1:      amcnicky_arrival_underground_garden, layout_basic,
          basic_ecumenical_altar, minmay_pentomino_t4
D:2:      layout_loops_ring
D:3:      layout_basic, serial_bayou_pond_b, minmay_misc_feat_four_crosses

Skill      XL: |  1  2  3  4 |
---------------+-------------+-----
Stealth        | 3 |  3.2
Maces & Flails | 1 |  1.0
Spellcasting   | 3 |  3.0
Fighting       | |  0.3
Short Blades   | |  0.4
Dodging        | |  2.1
Conjurations   | |  1.6
Fire Magic     | |  3.8

Action                     |  1- 3 |  4- 6 || total
---------------------------+-------+-------++-------
  Melee: Unarmed           |     6 |       ||     6
         Dagger            |    25 |     2 ||    27
         Constrict         |    10 |     5 ||    15
         Tentacles         |     7 |     1 ||     8
         Flail             |       |    19 ||    19
   Cast: Foxfire           |    48 |    17 ||    65
   Stab: Sleeping          |     1 |     5 ||     6
 Armour: Skin              |       |     2 ||     2
  Dodge: Dodged            |    26 |    14 ||    40

Table legend: (Time is in decaauts)
 A = Elapsed time spent in this place.
 B = Non-inter-level travel time spent in this place.
 C = Inter-level travel time spent in this place.
 D = Time resting spent in this place.
 E = Time spent auto-exploring this place.
 F = Levels seen in this place.
 G = Mean time per level.
                   A        B        C        D        E       F      G
               +--------+--------+--------+--------+--------+-----+--------+
         Total |   2006 |   1957 |     49 |      0 |   1423 |   3 |  668.7 |
       Dungeon |   2006 |   1957 |     49 |      0 |   1423 |   3 |  668.7 |
               +--------+--------+--------+--------+--------+-----+--------+

Top non-repeatable levels by time:
     D:1: 1100 daAuts
     D:2: 704 daAuts
     D:3: 201 daAuts
